Map: 2000 Atmospheres LE

Players

A.I. 1 (Medium) - Winner!

  • Race: Zerg Zerg
  • Spawn Location: 3:00

ProtusPlayer

  • Race: Terran Terran
  • League: Master
  • Spawn Location: 7:00

VOD

Have the link to the VOD?

Description

Time

  • Played on: July 5, 2022, 9:31 a.m.
  • Length: 2:54
Show
View Real Time Build Order
Export as new Build Order

A.I. 1 (Medium) Zerg - Winner!

Build Orders: 1 Base Baneling Bust, Pool Only 

Get SALT Encoding   

  12  0:00  Drone  
  12  0:03  Unknown  
  13  0:12  Overlord  
  13  0:16  Drone  
  14  0:31  Drone  
  14  0:33  Drone  
  16  0:43  Spawning Pool  
  16  0:45  Drone  
  16  0:49  Drone  
  17  0:52  Extractor  
  17  0:55  Drone  
  17  1:03  Overlord  
  17  1:17  Zergling x2  
  18  1:20  Queen  
  18  1:21  Zergling x2  
  18  1:24  Drone  
  20  1:36  Roach Warren  
  20  1:39  Drone  
  22  1:42  Extractor  
  22  1:45  Drone  
  22  1:55  Baneling Nest  
  22  1:59  Drone  
  22  2:03  Zergling x2  
  22  2:08  Zergling x2  
  24  2:12  Baneling  
  24  2:17  Overlord  
  24  2:19  Baneling  
  24  2:22  Zergling x2  
  25  2:31  Zergling x2  
  25  2:35  Zergling x2  
  27  2:39  Baneling x2  
Show
View Real Time Build Order
Export as new Build Order

ProtusPlayer Terran 

Build Orders:  

Get SALT Encoding   

  12  0:01  SCV  
  12  0:03  Unknown  
  13  0:11  Unknown  
  14  0:23  Unknown x30  
  42  1:35  Unknown x30  
Tags
 
Add a new tag
Caveats
  • Supply blocks, unpowered buildings, or Contaminate may cause inaccurate times.
  • Supply counts are checked every 10 seconds.